 Dungeon Crawl Stone Soup version 0.31.0-11-ge490571c62 (webtiles) character file.

Game seed: 14565606038176906441

3770 Peloso the Carver (level 9, -15/81 HPs)
             Began as a Minotaur Fighter on Feb 9, 2024.
             Was a Priest of Okawaru.
             Demolished by a phantasmal warrior (31 damage)
             ... led by a death knight
             ... on level 1 of the Abyss.
             The game lasted 00:18:29 (8266 turns).

Peloso the Carver (Minotaur Fighter)                Turns: 8266, Time: 00:18:29

Health: -15/81     AC: 12    Str: 21    XL:     9   Next: 94%
Magic:  8/8        EV: 15    Int: 11    God:    Okawaru [***...]
Gold:   511        SH:  6    Dex: 17    Spells: 8/8 levels left

rFire   . . .        a - +0 scimitar
rCold   . . .        d - +0 buckler
rNeg    . . .        c - +0 chain mail
rPois   .            (helmet restricted)
rElec   .            h - +0 cloak
rCorr   .            (no gloves)
SInv    .            (no boots)
Will    +....        (no amulet) Stlth
                     f - +5 ring of evasion
HPRegen 0.33/turn    u - ring "Xiokawke" {Will+ Int+6 Dex+3}
MPRegen 0.11/turn

%: no passive effects
@: flayed
A: horns 2, retaliatory headbutt
a: Renounce Religion, Heroism


You were on level 1 of the Abyss.
You worshipped Okawaru.
Okawaru was most pleased with you.
You visited 2 branches of the dungeon, and saw 10 of its levels.
You visited the Abyss 1 time.

You collected 511 gold pieces.

Inventory:

Hand Weapons
 a - a +0 scimitar (weapon)
Armour
 b - a +0 scale mail
 c - a +0 chain mail (worn)
 d - a +0 buckler (worn)
 h - a +0 cloak (worn)
Jewellery
 f - a +5 ring of evasion (left hand)
 u - the ring "Xiokawke" (right hand) {Will+ Int+6 Dex+3}
   (You found it on level 3 of the Dungeon)

   [ring of intelligence]

   Int+6:     It affects your intelligence (+6).
   Dex+3:     It affects your dexterity (+3).
   Will+:     It increases your willpower.
Talismans
 z - a serpent talisman
Wands
 q - a wand of paralysis (6)
 t - a wand of flame (46)
 w - a wand of mindburst (8)
 y - a wand of polymorph (12)
Scrolls
 e - 8 scrolls of identify
 g - 2 scrolls of fog {unknown}
 i - 2 scrolls of noise {unknown}
 l - 3 scrolls of fear {unknown}
 p - a scroll of amnesia {unknown}
 r - 2 scrolls of brand weapon {unknown}
 s - 3 scrolls of teleportation {unknown}
 v - 3 scrolls of poison {unknown}
 A - a scroll of vulnerability {unknown}
Potions
 j - 2 potions of heal wounds
 k - 2 potions of curing
 m - a potion of resistance {unknown}
 n - a potion of brilliance
 o - a potion of berserk rage
 x - 2 potions of haste {unknown}
 B - a potion of enlightenment {unknown}


   Skills:
 + Level 8.3 Fighting
 + Level 10.9 Long Blades
 + Level 8.2 Armour
 + Level 3.7 Dodging
 + Level 2.6 Stealth
 + Level 6.4 Shields
 + Level 1.7 Evocations


You had 8 spell levels left.
You didn't know any spells.
Your spell library contained the following spells:

 Spells                   Type           Power      Damage    Failure   Level
 Sandblast                Erth           0%         2d4       94%         1
 Lesser Beckoning         Tloc           0%         N/A       98%         2
 Gell's Gravitas          Tloc           0%         N/A       100%        3
 Passwall                 Erth           0%         N/A       100%        3
 Stone Arrow              Conj/Erth      0%         3d7       100%        3
 Teleport Other           Tloc           0%         N/A       100%        3
 Brom's Barrelling Bould  Conj/Erth      0%         2d3       100%        4


Dungeon Overview and Level Annotations

Branches:
Dungeon (9/15)             Temple (1/1) D:5
   Lair: D:8-11         Orc: D:9-12

Altars:
Cheibriados
Dithmenos
Elyvilon
Gozag
Hepliaklqana
Kikubaaqudgha
Makhleb
Nemelex Xobeh
Okawaru
Qazlal
Ru
Trog
Uskayaw
Vehumet
Wu Jian
Xom
Yredelemnul
Zin
The Shining One

Annotations:
D:8 2 transporters, beef's ghost, novice HOFi
D:9 Psyche


Innate Abilities, Weirdness & Mutations

You have a pair of horns on your head.
You reflexively headbutt those who attack you in melee.


Message History

You stop ascending the stairs.
This branch contains the abyssal rune of Zot.
Reactivating autopickup.
HP restored.
You open the door.
There is an open door here.
A flayed ghost comes into view.
A flayed ghost is nearby!
A flayed ghost is nearby!
A flayed ghost is nearby!
A freezing wraith comes into view.
A phantasmal warrior comes into view.
The phantasmal warrior gestures at you.
The phantasmal warrior blinks!
The flayed ghost hits you!!
You hit the flayed ghost.
The flayed ghost is lightly damaged.
The phantasmal warrior hits you!! The flayed ghost hits you!
You closely miss the flayed ghost. You headbutt the flayed ghost!
The flayed ghost is moderately damaged.
You slash the flayed ghost!
You headbutt the flayed ghost, but do no damage.
The flayed ghost is heavily damaged.
The flayed ghost cries, "Suffer as I suffered!"
Terrible wounds open up all over your body!
Unknown command.
You closely miss the flayed ghost.
The flayed ghost is heavily damaged.
The phantasmal warrior barely misses you.
You furiously retaliate!
You headbutt the phantasmal warrior. The flayed ghost barely misses you.
Unknown command.
You miss the flayed ghost. Your headbutt misses the flayed ghost.
The flayed ghost is heavily damaged.
A death knight comes into view. It is wielding a +3 glaive.
The freezing wraith hits you.
* * * LOW HITPOINT WARNING * * *
The freezing wraith freezes you!
* * * LOW HITPOINT WARNING * * *
You block the freezing wraith's attack. The phantasmal warrior hits you!!
You die...

... #.. . ##.
#..#.. ##.. ....
. ##..# #... ..
# ....#p.# #.
.## #.#WW.#.
.### # ... #.W@#
#.. . ... #
#.##..#### ...
.. #..... ......
....#
###.#.#.##.#..
... # #.#.#..#
........ #
#.##.#.#.....
...## # ..#...#.
#........ # .
#..#.##..##.....
. .# # #.#
###.## #....
.... #


You could see a death knight, a flayed ghost, a phantasmal warrior and a
freezing wraith.

Vanquished Creatures
  A hornet (D:6)
  A shadow (D:4)
  A yak (D:8)
  A wyvern (D:8)
  A basilisk (D:8)
  A steam dragon (D:6)
  A water moccasin (D:8)
  Duvessa (D:5)
  2 sky beasts (D:7)
  3 orc warriors
  2 ogres
  2 centaurs
  4 kobold brigands
  Blork the orc (D:6)
  A bullfrog (D:7)
  5 wights (D:4)
  Dowan (D:5)
  6 killer bees (D:8)
  2 bombardier beetles
  A hound (D:6)
  2 jellies
  5 orc priests
  A gnoll bouda (D:4)
  2 iguanas
  A sleepcap (D:6)
  Ijyb (D:5)
  8 orc wizards
  8 adders
  3 gnolls (D:4)
  4 shadow imps
  A white imp (D:7)
  3 dart slugs
  A ribbon worm (D:3)
  26 orcs
  4 bats
  5 endoplasms
  4 giant cockroaches
  2 goblins
  3 hobgoblins
  4 jackals (D:2)
  3 quokkas
  5 ball pythons
  4 frilled lizards
  31 kobolds
  5 rats
174 creatures vanquished.

Notes
Turn   | Place    | Note
-------+----------+-------------------------------------------
     0 | D:1      | Peloso the Minotaur Fighter began the quest for the Orb.
     0 | D:1      | Reached XP level 1. HP: 19/19 MP: 0/0
    50 | D:1      | Reached XP level 2. HP: 7/27 MP: 1/1
   654 | D:2      | You fall into a shaft and drop 2 floors!
   678 | D:4      | Reached skill level 3 in Long Blades
   678 | D:4      | Reached XP level 3. HP: 25/33 MP: 2/2
   760 | D:4      | Reached skill level 1 in Dodging
   760 | D:4      | Reached XP level 4. HP: 36/41 MP: 3/3
  1092 | D:4      | Reached skill level 4 in Long Blades
  1246 | D:4      | Reached XP level 5. HP: 24/47 MP: 4/4
  1257 | D:4      | Reached skill level 5 in Long Blades
  1257 | D:4      | Reached XP level 6. HP: 8/55 MP: 5/5
  1260 | D:4      | Reached skill level 5 in Fighting
  1580 | D:4      | Reached skill level 6 in Long Blades
  1748 | D:4      | Reached skill level 5 in Armour
  2240 | D:3      | Reached XP level 7. HP: 61/61 MP: 6/6
  2375 | D:3      | Identified the ring "Xiokawke" {Will+ Int+6 Dex+3}
  3503 | D:5      | Entered Level 5 of the Dungeon
  3504 | D:5      | Noticed a shadow
  3524 | D:4      | Killed a shadow
  3525 | D:4      | Reached skill level 7 in Long Blades
  3701 | D:5      | Found a staircase to the Ecumenical Temple.
  3701 | D:5      | Noticed Ijyb
  3719 | D:5      | Killed Ijyb
  3739 | Temple   | Entered the Ecumenical Temple
  3756 | Temple   | Became a worshipper of Warmaster Okawaru
  4126 | D:5      | Noticed Dowan
  4128 | D:5      | Noticed Duvessa
  4135 | D:5      | Killed Dowan
  4136 | D:5      | Reached skill level 1 in Stealth
  4145 | D:5      | Killed Duvessa
  4146 | D:5      | Reached XP level 8. HP: 21/70 MP: 7/7
  4381 | D:6      | Found a white marble altar of Elyvilon.
  4381 | D:6      | Found a hazy altar of Hepliaklqana.
  4415 | D:6      | Reached * piety under Okawaru
  4427 | D:6      | Reached skill level 8 in Long Blades
  4443 | D:6      | Reached skill level 5 in Shields
  4506 | D:6      | Noticed Blork the orc
  4509 | D:6      | Killed Blork the orc
  4768 | D:6      | Reached skill level 1 in Evocations
  5467 | D:6      | Reached ** piety under Okawaru
  5468 | D:6      | Reached skill level 9 in Long Blades
  5956 | D:7      | Noticed a hornet
  5970 | D:7      | Paralysed by a hornet for 1 turns
  5973 | D:7      | Paralysed by a hornet for 2 turns
  5981 | D:6      | Killed a hornet
  5982 | D:6      | Reached XP level 9. HP: 31/79 MP: 8/8
  6727 | D:7      | Found a snail-covered altar of Cheibriados.
  6953 | D:8      | Reached skill level 10 in Long Blades
  6964 | D:8      | Reached *** piety under Okawaru
  7528 | D:8      | Found a transporter.
  7529 | D:8      | Noticed beef's ghost (novice HOFi)
  7531 | D:8      | Found a transporter.
  8211 | D:9      | Noticed Psyche
  8218 | Abyss:1  | Cast into level 1 of the Abyss (Psyche)
  8258 | Abyss:1  | Noticed a flayed ghost
  8259 | Abyss:1  | Noticed a freezing wraith
  8259 | Abyss:1  | Noticed a phantasmal warrior
  8266 | Abyss:1  | Noticed a death knight
  8266 | Abyss:1  | Demolished by a phantasmal warrior

Illustrated notes

Levels and vault maps discovered:
D:1:      sevenhm_arrival_forest_fort_small_6, layout_rooms
D:2:      minmay_door_path, layout_loops_ring
D:3:      layout_rooms
D:4:      layout_basic, hangedman_decor_growths, hangedman_decor_push
D:5:      layout_basic, minmay_temple_entry_purple_smoke,
          kb_lookout_dungeons_type, uniq_duvessa, uniq_ijyb
D:6:      nicolae_whirlpool, layout_basic, mainiacjoe_overflow_divided_tiny,
          uniq_blork_the_orc
D:7:      layout_rooms, mainiacjoe_overflow_boulevard
D:8:      layout_loops_ring, gammafunk_ghost_arena
D:9:      layout_basic, mainiacjoe_overflow_24_doors, minmay_lair_entry_grove,
          serial_ice, serial_ice_e, serial_ice_h, serial_ice_n, serial_ice_b,
          serial_ice_k, serial_ice_g, uniq_psyche, uniq_maggie
Temple:   lightli_temple_of_artemis
Abyss:1:  base:
D:9

Skill      XL: |  1  2  3  4  5  6  7  8  9 |
---------------+----------------------------+-----
Shields        | 4 5 6 |  6.4
Fighting       | 4 5 6 7 8 |  8.3
Long Blades    | 3 4 5 6 7 9 10 | 10.9
Armour         | 4 5 7 8 |  8.2
Dodging        | 1 2 3 |  3.7
Stealth        | 1 2 |  2.6
Evocations     | 1 |  1.7

Action                     |  1- 3 |  4- 6 |  7- 9 || total
---------------------------+-------+-------+-------++-------
  Melee: Long sword        |    53 |    54 |       ||   107
         Headbutt          |     5 |    10 |    73 ||    88
         Scimitar          |       |     9 |   367 ||   376
  Evoke: Wand              |       |     2 |    13 ||    15
    Use: Potion            |       |     1 |     8 ||     9
         Scroll            |       |       |     2 ||     2
   Stab: Paralysed         |       |       |     7 ||     7
 Armour: Scale mail        |    31 |       |       ||    31
         Chain mail        |     8 |    27 |   226 ||   261
  Dodge: Dodged            |    32 |    45 |   243 ||   320
  Block: Buckler           |    12 |     7 |   112 ||   131
